 Dungeon Crawl Stone Soup version 0.23.2-30-g0e89c35649 (webtiles) character file.

Game seed: 17606720162344328109

1674 doot the Caller (level 9, -4/49 HPs)
             Began as a Tengu Summoner on June 17, 2019.
             Was an Initiate of Sif Muna.
             Slain by a sixfirhy (9 damage)
             ... summoned by a shadow demon
             ... created by the darkness of Dithmenos
             ... on level 6 of the Dungeon.
             The game lasted 00:25:18 (7495 turns).

doot the Caller (Tengu Summoner)                    Turns: 7495, Time: 00:25:19

Health: -4/49      AC:  4    Str:  8    XL:     9   Next: 1%
Magic:  0/17       EV: 16    Int: 19    God:    Sif Muna [......]
Gold:   260        SH:  0    Dex: 15    Spells: 4/17 levels left

rFire    . . .     SeeInvis .   B - +4 flail (venom)
rCold    . . .     Gourm    .   (no shield)
rNeg     + . .     Faith    .   n - +0 troll leather armour
rPois    .         Spirit   +   (helmet restricted)
rElec    .         Reflect  .   (no cloak)
rCorr    .         Harm     .   (no gloves)
MR       .....                  (boots unavailable)
Stlth    +++.......             s - amulet of guardian spirit
HPRegen  0.56/turn              A - ring of positive energy
MPRegen  0.15/turn              (no ring)

@: about to teleport, flying quickly and evasively, very slightly contaminated,
slowed, very slow
A: beak, talons 3, able to fly
a: Stop Flying, Renounce Religion


You were on level 6 of the Dungeon.
You worshipped Sif Muna.
Sif Muna was noncommittal.
You were not hungry.

You visited 2 branches of the dungeon, and saw 7 of its levels.
You also visited: Sewer.

You collected 260 gold pieces.

Inventory:

Hand Weapons
 g - a +0 dagger
 m - a +1 dagger of draining
 B - a +4 flail of venom (weapon)
Armour
 a - a +0 robe
 n - a +0 troll leather armour (worn)
 C - a +0 chain mail of poison resistance
Jewellery
 o - an uncursed ring of ice
 s - an amulet of guardian spirit (around neck)
 A - a ring of positive energy (left hand)
Wands
 t - a wand of disintegration (4)
Scrolls
 e - 3 scrolls of enchant weapon
 l - 5 scrolls of remove curse
 q - a scroll of immolation
 r - 2 scrolls of identify
 v - a scroll of magic mapping {unknown}
 y - a scroll of amnesia
 D - a scroll of holy word {unknown}
Potions
 b - 2 potions of cancellation
 f - 2 potions of agility {unknown}
 h - a potion of ambrosia {unknown}
 i - a potion of degeneration {unknown}
 j - 2 potions of curing {unknown}
 k - 2 potions of magic {unknown}
 p - 4 potions of flight {unknown}
 u - 3 potions of heal wounds {unknown}
 z - a potion of berserk rage {unknown}
 E - a potion of mutation {unknown}
Comestibles
 c - 12 rations
 d - 8 chunks of flesh


   Skills:
 + Level 2.8 Fighting
 + Level 4.4 Short Blades
 + Level 1.0 Maces & Flails
 + Level 3.5 Armour
 + Level 4.0 Dodging
 + Level 5.3 Stealth
 + Level 4.7 Spellcasting
 + Level 7.2 Summonings
 + Level 2.6 Air Magic
 + Level 0.5 Evocations


You had 4 spell levels left.
You knew the following spells:

 Your Spells              Type           Power        Failure   Level  Hunger
a - Summon Ice Beast      Ice/Summ       ###.....     38%         4    ####...
b - Call Imp              Summ           ####....     1%          2    #......
c - Call Canine Familiar  Summ           ####....     2%          3    ##.....
d - Summon Lightning Spi  Summ/Air       ###.....     24%         4    ####...

Your spell library contained the following spells:

 Spells                   Type           Power        Failure   Level  Hunger
 Summon Small Mammal      Summ           ####         1%          1    None
 Summon Guardian Golem    Hex/Summ       ###.....     12%         3    ##.....


Dungeon Overview and Level Annotations

Branches:
Dungeon (6/15)             Temple (1/1) D:5

Altars:
Ashenzari
Cheibriados
Dithmenos
Elyvilon
Fedhas
Gozag
Hepliaklqana
Kikubaaqudgha
Makhleb
Nemelex Xobeh
Okawaru
Qazlal
Ru
Sif Muna
Trog
Uskayaw
Vehumet
Wu Jian
Xom
Yredelemnul
Zin
The Shining One

Shops:
D:6 (

Annotations:
D:4 Sigmund


Innate Abilities, Weirdness & Mutations

You have a beak for a mouth.
You have claws for feet.
You can fly continuously.


Message History

Unknown command.
As you read the scroll labeled MEHYEN ZYPPISE, it crumbles to dust.
You feel strangely unstable.
It was a scroll of teleportation.
The rust devil disappears in a puff of smoke!
The shadow hits you. The rust devil barely misses you. The shadow hits you!
* * * LOW HITPOINT WARNING * * *
Blink to where?
Press: ? - help, Dir - move target cursor You are very lightly contaminated with residual magic.
As you read the scroll labeled RUTRERHOSIO, it crumbles to dust.
It was a scroll of blinking.
Your surroundings suddenly seem different.
The shadow slips into darkness.
The shadow flickers and vanishes!
Deactivating autopickup; reactivate with Ctrl-A.
As you read the scroll of teleportation, it crumbles to dust.
You feel strangely unstable. The sixfirhy hits you.
* * * LOW HITPOINT WARNING * * *
The sixfirhy shocks you!
You die...

....#.###.......)....## ..#..
....'÷# #...#....#...# ####.#..
....#.####..........######.......
....#.##.#...#..#...##...........
.........##........###...........
..%...##..#_......_###.).)......#
..........####''####...h.))#.)...
............W..%.#..######)#)...#
.........{32...3@...# #...#..#.#
###.....§.§...%.....# #.####.###
...........4.......## #. ..>
####...###+##)...#.# #. ....
#............##.# #. #...
#........#..8##.### #. ####.
#............##...# ..
##........8.∩.8.# ##
#.......##..#......


You could see a shadow demon, a rust devil, a sixfirhy, a smoke demon and a
shadow.

Vanquished Creatures
  Grinder (D:3)
  Edmund (D:6)
  2 black bears (D:6)
  2 sky beasts (D:5)
  2 ogres
  A big kobold (Sewer)
  Blork the orc (D:4)
  A howler monkey (D:5)
  An orc priest (D:6)
  A jelly (D:5)
  2 orc wizards
  Jessica (D:5)
  Natasha (twice) (D:4)
  A worker ant (D:4)
  A gnoll (D:6)
  A river rat (D:4)
  7 adders
  A shadow imp (D:5)
  An ooze (D:4)
  2 adder zombies (D:5)
  An adder skeleton (D:4)
  5 worms
  A dart slug (D:1)
  3 leopard geckos
  12 orcs
  6 giant cockroaches
  6 goblins
  2 hobgoblins
  13 jackals
  7 kobolds
  A quokka (D:4)
  3 ball pythons
  8 bats
  A frilled lizard (D:1)
  10 rats
111 creatures vanquished.

Vanquished Creatures (collateral kills)
  An orc warrior (D:6)
  2 ice beasts (D:5)
  A necrophage (D:5)
  An ogre (D:5)
  2 orc priests
  A hound (D:5)
  A gnoll shaman (D:6)
  An orc wizard (D:6)
  2 gnolls (D:6)
  3 adders (D:2)
  A river rat (Sewer)
  4 orcs (D:5)
  2 giant cockroaches
  2 goblins (D:1)
  A hobgoblin (D:1)
  4 jackals (D:2)
  3 kobolds (D:1)
  A frilled lizard (D:2)
  A quokka skeleton (D:4)
  4 rats
38 creatures vanquished.

Vanquished Creatures (others)
  A rat (D:4)
1 creature vanquished.

Grand Total: 150 creatures vanquished

Notes
Turn   | Place    | Note
-------+----------+-------------------------------------------
     0 | D:1      | doot the Tengu Summoner began the quest for the Orb.
     0 | D:1      | Reached XP level 1. HP: 10/10 MP: 4/4
   107 | D:1      | Reached skill level 5 in Summonings
   393 | D:1      | Reached XP level 2. HP: 15/15 MP: 6/6
   399 | D:1      | Learned a level 2 spell: Call Imp
  1096 | D:2      | Reached XP level 3. HP: 18/19 MP: 7/7
  1116 | D:2      | Learned a level 3 spell: Call Canine Familiar
  1158 | D:2      | Found an ornate altar of the Wu Jian Council.
  1185 | D:2      | Found a sparkling altar of Nemelex Xobeh.
  1453 | D:2      | Reached XP level 4. HP: 24/24 MP: 9/9
  1768 | D:3      | Reached skill level 1 in Short Blades
  1919 | D:3      | Noticed Grinder
  1982 | D:3      | Killed Grinder
  1982 | D:3      | Reached skill level 1 in Armour
  1982 | D:3      | Gained mutation: You can fly continuously. [Tengu growth]
  1982 | D:3      | Reached XP level 5. HP: 28/28 MP: 4/10
  1982 | D:3      | Reached XP level 6. HP: 33/33 MP: 4/11
  1989 | D:3      | Learned a level 4 spell: Summon Lightning Spire
  2414 | D:4      | Noticed Sigmund
  2619 | D:4      | Reached skill level 1 in Fighting
  2708 | D:4      | Noticed Natasha
  2714 | D:4      | Killed Natasha
  2846 | D:4      | Found a glowing drain.
  2855 | Sewer    | Entered a sewer
  2973 | Sewer    | Reached XP level 7. HP: 38/38 MP: 10/12
  2993 | Sewer    | Found a white marble altar of Elyvilon.
  3089 | D:4      | Noticed Blork the orc
  3106 | D:4      | Killed Blork the orc
  3583 | D:5      | Entered Level 5 of the Dungeon
  3615 | D:5      | Found a staircase to the Ecumenical Temple.
  3634 | Temple   | Entered the Ecumenical Temple
  4130 | D:4      | Noticed Natasha
  4188 | D:4      | Killed Natasha
  4188 | D:4      | Reached skill level 1 in Air Magic
  4326 | D:2      | Reached skill level 6 in Summonings
  4364 | D:2      | Found a faded altar of an unknown god.
  4656 | D:2      | Became a worshipper of Dithmenos the Shadowed
  4656 | D:2      | Reached * piety under Dithmenos
  5052 | D:5      | Reached XP level 8. HP: 44/44 MP: 10/14
  5160 | D:5      | Found an opulent altar of Gozag.
  5294 | D:5      | Noticed Jessica
  5304 | D:5      | Found a deep blue altar of Sif Muna.
  5310 | D:5      | Killed Jessica
  5317 | D:5      | Learned a level 4 spell: Summon Ice Beast
  5323 | D:5      | Fell from the grace of Dithmenos
  5323 | D:5      | Became a worshipper of Sif Muna the Loreminder
  6682 | D:5      | Reached skill level 5 in Stealth
  7095 | D:6      | Noticed Edmund
  7137 | D:6      | Killed Edmund
  7137 | D:6      | Reached skill level 7 in Summonings
  7234 | D:6      | Found Hiumihyr's Weapon Shoppe.
  7272 | D:6      | Found a blossoming altar of Fedhas.
  7272 | D:6      | Found a shattered altar of Ashenzari.
  7272 | D:6      | Found a shimmering altar of Xom.
  7272 | D:6      | Found a burning altar of Makhleb.
  7278 | D:6      | Found a hide-covered altar of Uskayaw.
  7278 | D:6      | Found a sacrificial altar of Ru.
  7440 | D:6      | Reached skill level 1 in Maces & Flails
  7440 | D:6      | Reached XP level 9. HP: 49/49 MP: 1/17
  7489 | D:6      | Noticed a shadow demon
  7492 | D:6      | Noticed a sixfirhy
  7492 | D:6      | Noticed a rust devil
  7493 | D:6      | Noticed a smoke demon
  7493 | D:6      | Noticed a rust devil
  7495 | D:6      | Slain by a sixfirhy

Skill      XL: |  1  2  3  4  5  6  7  8 |
---------------+-------------------------+-----
Summonings     | 5 6 7 |  7.2
Short Blades   | 2 3 4 |  4.4
Armour         | 1 2 3 |  3.5
Stealth        | 3 4 5 |  5.3
Spellcasting   | 3 4 |  4.7
Dodging        | 3 4 |  4.0
Fighting       | 1 2 |  2.8
Air Magic      | 1 2 |  2.6
Maces & Flails | 1 |  1.0
Evocations     | |  0.5

Action                   |  1- 3 |  4- 6 |  7- 9 || total
-------------------------+-------+-------+-------++-------
Melee: Unarmed           |    11 |       |       ||    11
       Kick              |    14 |    33 |    33 ||    80
       Peck              |    10 |    24 |    21 ||    55
       Dagger            |    70 |   147 |   148 ||   365
       Flail             |       |       |    15 ||    15
 Cast: Summon Small Mamm |    12 |       |       ||    12
       Call Imp          |     2 |     5 |     3 ||    10
       Call Canine Famil |     1 |     6 |    20 ||    27
       Summon Lightning  |       |       |     8 ||     8
 Abil: Fly               |       |     1 |       ||     1
Evoke: Wand              |       |     5 |     2 ||     7
  Use: Scroll            |       |     5 |     3 ||     8
 Stab: Sleeping          |     4 |     7 |     7 ||    18
       Distracted        |       |       |     2 ||     2
  Eat: Chunk             |     2 |     6 |    15 ||    23
       Ration            |       |       |     1 ||     1
Armor: Robe              |    17 |       |       ||    17
       Troll leather arm |     1 |    26 |    21 ||    48
Dodge: Dodged            |    80 |    85 |   111 ||   276
